AoeStats
← Ugomez

Black Forest

510583532Analyzed
2v2 RM · 6h ago on Oct 1, 2026· 49m 37s· 4 players
Game mode
Random Map
Map size
Medium (4 player)
Population
200
Speed
Normal
Resources
Standard
Victory
Conquest
Starting age
Dark Age
Ending age
Imperial Age
RankedLock teamsTeams togetherTeam positionsShared explorationLock speedFull tech treeHidden civsTurbo modeCheats
Victory
Defeat
🇷🇸 Teutons · Serbia
767
+15
🇨🇭 Teutons · Switzerland
756
+15
🇪🇸 Spanish · Spain
749
-15
🇪🇸 Byzantines · Spain
733
-26
Lima3
15:34 Feudal Age
16:17 Double-Bit Axe
16:16 Horse Collar
23:11 Castle Age
23:04 Bloodlines
23:14 Bloodlines
23:20 Gold Mining
27:04 Wheelbarrow
30:49 Scale Barding Armor
34:39 Imperial Age
35:16 Stone Mining
37:03 Cavalier
37:44 Husbandry
38:39 Chain Barding Armor
41:17 Forging
42:03 Plate Barding Armor
44:25 Iron Casting
45:38 Supremacy
Ugomez
12:30 Feudal Age
18:32 Castle Age
17:02 Double-Bit Axe
17:00 Horse Collar
18:25 Fletching
22:00 Crossbowman
24:34 Pikeman
26:48 Gold Mining
26:52 Stone Mining
29:01 Gold Shaft Mining
28:34 Heavy Plow
31:02 Bodkin Arrow
31:10 Scale Mail Armor
31:21 Forging
33:23 Thumb Ring
34:06 Bow Saw
35:18 Chain Mail Armor
35:03 Padded Archer Armor
35:39 Iron Casting
39:06 Imperial Age
38:17 Leather Archer Armor
39:24 Wheelbarrow
39:43 Arbalester
41:49 Crop Rotation
42:25 Two-Man Saw
42:16 Bracer
42:01 Halberdier
43:27 Plate Mail Armor
45:39 Hand Cart
Amil YT
0:29 Loom
11:09 Feudal Age
12:25 Wheelbarrow
11:36 Double-Bit Axe
11:43 Horse Collar
16:41 Gold Mining
16:44 Stone Mining
19:30 Scale Mail Armor
19:41 Forging
22:56 Castle Age
24:58 Stone Shaft Mining
24:25 Heavy Plow
25:25 Bow Saw
26:51 Hand Cart
32:10 Imperial Age
31:23 Fortified Wall
32:50 Chain Mail Armor
33:54 Chemistry
33:26 Crop Rotation
33:57 Two-Man Saw
32:49 Town Watch
34:43 Conscription
37:24 Onager
39:14 Caravan
40:42 Elite Teutonic Knight
froe
0:35 Loom
14:18 Feudal Age
15:26 Double-Bit Axe
16:45 Horse Collar
21:53 Castle Age
20:32 Stone Mining
20:34 Gold Mining
21:19 Forging
26:00 Fortified Wall
27:09 Bow Saw
28:17 Heavy Plow
29:52 Stone Shaft Mining
34:44 Imperial Age
33:45 Bloodlines
33:49 Scale Barding Armor
34:20 Iron Casting
33:47 Scale Mail Armor
33:47 Padded Archer Armor
33:38 Fletching
33:37 Town Watch
34:54 Wheelbarrow
34:47 Ballistics
36:36 Chemistry
35:41 Town Patrol
36:21 Hand Cart
36:41 Conscription
37:22 Cavalier
39:30 Crop Rotation
39:09 Caravan
39:47 Onager
41:49 Two-Man Saw
46:18 Blast Furnace
45:33 Chain Mail Armor
45:15 Bodkin Arrow
47:20 Paladin
Connection lost

Rejoining the realm…

Still unreachable

The connection could not be restored.

Session expired

The server has moved on; the page needs a fresh start.